 Dungeon Crawl Stone Soup version 0.21.1-1-g345015f (webtiles) character file.

2675 spiff the Carver (level 9, -15/85 HPs)
             Began as a Minotaur Berserker on June 24, 2018.
             Was a High Priest of Trog.
             Demolished by an orc knight
             ... wielding a +0 war axe
              (17 damage)
             ... in a bailey.
             The game lasted 00:14:28 (5865 turns).

spiff the Carver (Minotaur Berserker)               Turns: 5865, Time: 00:14:29

Health: -15/85     AC: 10    Str: 24    XL:     9   Next: 37%
Magic:  8/8        EV: 12    Int:  4    God:    Trog [*****.]
Gold:   482        SH:  0    Dex: 11    Spells: 8/8 levels left

rFire    . . .     SeeInvis .   H - +3 long sword (curse)
rCold    . . .     Gourm    .   (no shield)
rNeg     . . .     Faith    .   l - +0 scale mail
rPois    +         Spirit   .   (helmet restricted)
rElec    .         Reflect  .   (no cloak)
rCorr    .         Harm     .   (no gloves)
MR       .....     Rnd*Tele +   w - +2 pair of boots
Stlth    ..........             (no amulet)
HPRegen  0.24/turn              A - ring of teleportation (curse)
MPRegen  0.11/turn              v - ring of poison resistance

@: berserk cooldown, slowed, very slow
A: retaliatory headbutt, horns 2
a: Berserk, Trog's Hand, Brothers in Arms, Burn Spellbooks, Renounce Religion


You were in a bailey.
You worshipped Trog.
Trog was extremely pleased with you.
You were not hungry.

You visited 1 branch of the dungeon, and saw 7 of its levels.
You also visited: Bailey.

You collected 482 gold pieces.

Inventory:

Hand Weapons
 a - a +1 falchion
 x - a +4 great sword of freezing
 H - a cursed +3 long sword (weapon)
 I - the +7 Spriggan's Knife {MR+ EV+4 Dex+4 Stlth+}
   (You found it on level 6 of the Dungeon)

   It affects your evasion (+4).
   It affects your dexterity (+4).
   It affects your resistance to hostile enchantments.
   It makes you more stealthy.
Missiles
 h - 14 tomahawks (quivered)
 k - 4 throwing nets
Armour
 g - a +0 ring mail
 l - a +0 scale mail (worn)
 w - a +2 pair of boots (worn)
Jewellery
 v - a ring of poison resistance (right hand)
 A - a cursed ring of teleportation (left hand)
 D - an uncursed amulet of harm
Wands
 f - a wand of scattershot (5)
 r - a wand of flame (19)
 u - a wand of disintegration (9)
 E - a wand of enslavement (14)
Scrolls
 m - a scroll of fear
 p - 2 scrolls of noise
 s - 2 scrolls of amnesia
 y - a scroll of blinking
Potions
 b - 3 potions of curing
 d - a potion of resistance {unknown}
 e - a potion of brilliance {unknown}
 i - a potion of invisibility {unknown}
 j - a potion of lignification {unknown}
 o - 4 potions of heal wounds
 q - a potion of berserk rage {unknown}
 t - 2 potions of agility {unknown}
 z - 2 potions of mutation {unknown}
 B - a potion of degeneration {unknown}
 F - a potion of magic {unknown}
 G - a potion of ambrosia {unknown}
Comestibles
 c - 9 rations
 n - 4 chunks of flesh


   Skills:
 - Level 10.0 Fighting
 + Level 10.3 Long Blades
 + Level 5.7 Armour
 + Level 5.2 Dodging


You had 8 spell levels left.
You didn't know any spells.

Dungeon Overview and Level Annotations

Branches:
Dungeon (7/15)             Temple (0/1) D:5

Altars:
Cheibriados
Elyvilon
Qazlal
Ru
Sif Muna
Trog
Uskayaw
Vehumet
Wu Jian
Yredelemnul

Shops:
D:7 =

Annotations:
D:6 exclusion: door


Innate Abilities, Weirdness & Mutations

You reflexively headbutt those who attack you in melee.
You have a pair of horns on your head.


Message History

The orc warrior hits you with a war axe!!
Okay, then.
Your scale mail prevents you from hitting the orc knight.
Your headbutt misses the orc knight. The orc knight barely misses you.
You furiously retaliate!
You headbutt the orc knight, but do no damage.
The orc warrior hits you with a war axe!!
The orc knight hits you with a war axe!
You feel much better.
The orc warrior hits you with a war axe!!
* * * LOW HITPOINT WARNING * * *
The orc knight hits you with a war axe!
* * * LOW HITPOINT WARNING * * *
Okay, then.
You're still recovering from your berserk rage.
You hit the orc knight but do no damage.
The orc warrior hits you with a war axe!
* * * LOW HITPOINT WARNING * * *
The orc knight hits you with a war axe!
You die...

.......
.......
....... .....
o... ..#
###'###
##o)...##
#@o.8...#
#∩)...)∩#
##()...##
####(''####
##≈.......≈#
#≈≈.......≈≈#
+≈≈.......≈≈'
#≈≈.......≈≈#
+≈≈.......≈≈'


You could see an orc knight and an orc warrior.

Vanquished Creatures
  Pikel (D:6)
  The ghost of RottenKnight the Caller, an amateur MfSu (D:4)
  Edmund (D:5)
  An ice beast (D:5)
  An orc warrior (Bailey)
  3 slaves (D:6)
  2 ogres (D:6)
  A centaur (D:6)
  3 bullfrogs
  A gnoll sergeant (D:4)
  A scorpion (D:5)
  7 wights (D:6)
  A crimson imp (D:5)
  A bullfrog zombie (D:5)
  A hound (D:6)
  A centaur skeleton (D:7)
  3 orc priests (D:4)
  A jelly (D:6)
  8 orc wizards
  An iguana (D:6)
  6 worker ants
  A hound zombie (D:6)
  A hound skeleton (D:4)
  A worker ant zombie (D:5)
  5 adders
  5 gnolls (D:4)
  A shadow imp (D:5)
  An ooze (D:2)
  An adder skeleton (D:4)
  2 worms (D:2)
  4 dart slugs
  9 leopard geckos
  17 orcs
  12 bats
  3 giant cockroaches
  15 goblins
  3 hobgoblins
  3 jackals (D:3)
  4 quokkas
  4 ball pythons
  6 frilled lizards
  A jackal zombie (D:7)
  10 kobolds
  A quokka skeleton (D:6)
  6 rats
162 creatures vanquished.

Vanquished Creatures (others)
  A slave (D:6)
1 creature vanquished.

Grand Total: 163 creatures vanquished

Notes
Turn   | Place    | Note
-------+----------+-------------------------------------------
     0 | D:1      | spiff the Minotaur Berserker began the quest for the Orb.
     0 | D:1      | Reached XP level 1. HP: 19/19 MP: 0/0
   138 | D:1      | Reached XP level 2. HP: 27/27 MP: 1/1
   581 | D:1      | Reached XP level 3. HP: 33/34 MP: 2/2
   756 | D:2      | Noticed a dagger
   757 | D:2      | Found a hide-covered altar of Uskayaw.
   758 | D:2      | Noticed a hand axe
   768 | D:2      | Reached ** piety under Trog
  1123 | D:2      | Reached XP level 4. HP: 38/41 MP: 3/3
  1337 | D:2      | Reached skill level 5 in Fighting
  1337 | D:2      | Reached skill level 5 in Long Blades
  1870 | D:3      | Reached XP level 5. HP: 36/50 MP: 4/4
  1999 | D:3      | Found a white marble altar of Elyvilon.
  2027 | D:3      | Found a stormy altar of Qazlal.
  2164 | D:3      | Reached *** piety under Trog
  2356 | D:3      | Found a sacrificial altar of Ru.
  2357 | D:3      | Found a bloodstained altar of Trog.
  2717 | D:4      | Reached XP level 6. HP: 54/58 MP: 5/5
  2842 | D:4      | Noticed RottenKnight's ghost (amateur MfSu)
  2857 | D:4      | Killed RottenKnight's ghost
  2860 | D:4      | Reached XP level 7. HP: 66/66 MP: 6/6
  3607 | D:5      | Entered Level 5 of the Dungeon
  3765 | D:5      | Reached **** piety under Trog
  3997 | D:5      | Found a radiant altar of Vehumet.
  4085 | D:5      | Noticed Edmund
  4095 | D:5      | Killed Edmund
  4095 | D:5      | Reached XP level 8. HP: 77/77 MP: 7/7
  4253 | D:5      | Found a staircase to the Ecumenical Temple.
  4481 | D:5      | Found an ornate altar of the Wu Jian Council.
  4624 | D:6      | Found a deep blue altar of Sif Muna.
  4720 | D:6      | Found a snail-covered altar of Cheibriados.
  4728 | D:6      | Noticed Pikel
  4752 | D:6      | Killed Pikel
  4793 | D:6      | Reached XP level 9. HP: 76/85 MP: 8/8
  4832 | D:6      | Reached ***** piety under Trog
  4892 | D:6      | Reached skill level 10 in Fighting
  4892 | D:6      | Reached skill level 10 in Long Blades
  4923 | D:6      | Reached skill level 5 in Armour
  4945 | D:6      | Found the +7 Spriggan's Knife {MR+ EV+4 Dex+4 Stlth+}
  5427 | D:6      | Found a basalt altar of Yredelemnul.
  5728 | D:7      | Found Amuisuho's Jewellery Shop.
  5744 | D:7      | Reached skill level 5 in Dodging
  5796 | D:7      | Found a flagged portal.
  5811 | Bailey   | Entered a bailey
  5854 | Bailey   | Noticed an orc knight
  5865 | Bailey   | HP: 2/85 [orc warrior/war axe (8)]
  5865 | Bailey   | Demolished by an orc knight

Skill      XL: |  1  2  3  4  5  6  7  8  9 |
---------------+----------------------------+-----
Fighting       | 4 5 6 7 8 9 10 | 10.0
Long Blades    | 4 5 6 7 8 9 10 | 10.3
Armour         | 4 5 |  5.7
Dodging        | 4 5 |  5.2

Action                   |  1- 3 |  4- 6 |  7- 9 || total
-------------------------+-------+-------+-------++-------
Melee: Falchion          |    91 |   100 |   156 ||   347
       Headbutt          |    13 |    18 |    52 ||    83
       Long sword        |       |       |    50 ||    50
Throw: Tomahawk          |       |       |     1 ||     1
Invok: Berserk           |       |     3 |     8 ||    11
       Burn Spellbooks   |       |       |     1 ||     1
  Use: Scroll            |       |     9 |     5 ||    14
       Potion            |       |     1 |     1 ||     2
 Stab: Sleeping          |     1 |       |       ||     1
       Distracted        |       |       |     1 ||     1
  Eat: Chunk             |     1 |     7 |    15 ||    23
       Ration            |       |       |     1 ||     1
Armor: Ring mail         |    13 |       |       ||    13
       Animal skin       |     1 |       |       ||     1
       Scale mail        |    26 |    47 |    88 ||   161
Dodge: Dodged            |    50 |    53 |   110 ||   213
       Rpst.: Falchion   |    10 |     7 |    17 ||    34
       Long sword        |       |       |     9 ||     9
